3L
BUCKHEAD BOWTIES @ CHICAGO HAWKS
04/26/2029
 
TOP OF THE 1ST
Buckhead Bowties batting - Pitching for Chicago Hawks : RHP Kenshin Koike
Pitching: RHP Kenshin Koike
Batting: RHB Vojtech Farkas 0-0: Called Strike
0-1: Swinging Strike
0-2: Strikes out swinging
Batting: LHB José Valéncia 0-0: Called Strike
0-1: DOUBLE (Groundball, 3L)
Batting: RHB Won-min Yi 0-0: Called Strike
0-1: DOUBLE (Line Drive, 7LS)
José Valéncia scores
Batting: RHB Mike Burns 0-0: Called Strike
0-1: Swinging Strike
0-2: Ball
1-2: Ball
2-2: Ball
3-2: Ground out 5-3 (Groundball, 56S)
Won-min Yi to third
Batting: RHB Richard Jost 0-0: Called Strike
0-1: Ball
1-1: Called Strike
1-2: Ball
2-2: Strikes out swinging
Top of the 1st over - 1 run, 2 hits, 0 errors, 1 left on base; Buckhead 1 - Chicago 0
BOTTOM OF THE 1ST
Chicago Hawks batting - Pitching for Buckhead Bowties : RHP Ron Manning
Pitching: RHP Ron Manning
Batting: SHB Luis Manuel Flores 0-0: Ball
1-0: Ball
2-0: Called Strike
2-1: Ball
3-1: Foul Ball, location: 2F
3-2: Base on Balls
Batting: LHB Cole Thrash 0-0: Foul Ball, location: 2F
0-1: Ball
1-1: SINGLE (Groundball, 6D)
Luis Manuel Flores to second
Batting: LHB Raúl Aguirre 0-0: Called Strike
0-1: Swinging Strike
0-2: Ball
1-2: Strikes out swinging
Batting: RHB Enrique Marroquín 0-0: Hit by Pitch
Luis Manuel Flores to third
Cole Thrash to second
Batting: LHB Curt Wilson 0-0: SINGLE (Groundball, 4MD)
Luis Manuel Flores scores
Cole Thrash to third
Enrique Marroquín to second
Batting: LHB Albert González 0-0: Ball
1-0: Foul Ball, location: 2F
1-1: Swinging Strike
1-2: Strikes out looking
Batting: RHB Armando García 0-0: Called Strike
0-1: Called Strike
0-2: Ball
1-2: SINGLE (Flyball, 78M)
Cole Thrash scores
Enrique Marroquín to third
Curt Wilson to second
Runner from 3rd tries for Home, SAFE, no throw
Batting: RHB Zander Bailey 0-0: Foul Ball, location: 2F
0-1: Called Strike
0-2: Ball
1-2: Ball
2-2: Foul Ball, location: 2F
2-2: Ball
3-2: Foul Ball, location: 2F
3-2: Strikes out swinging
Bottom of the 1st over - 3 runs, 3 hits, 0 errors, 2 left on base; Buckhead 1 - Chicago 3
TOP OF THE 2ND
Buckhead Bowties batting - Pitching for Chicago Hawks : RHP Kenshin Koike
Batting: RHB Freddy Carea 0-0: SINGLE (Flyball, 8LS)
Batting: RHB Raúl Ruíz 0-0: SINGLE (Groundball, 6MD)
Freddy Carea to second
Batting: RHB Todd Sentell 0-0: Called Strike
0-1: Foul Ball, location: 2F
0-2: Foul Ball, location: 2F
0-2: Ball
1-2: Foul Ball, location: 2F
1-2: Ball
2-2: Foul Ball, location: 2F
2-2: Ball
3-2: Base on Balls
Freddy Carea to third
Raúl Ruíz to second
Batting: RHB Ricardo Cardenas 0-0: Called Strike
0-1: Foul Ball, location: 2F
0-2: Ground out 5-3 (Groundball, 56S)
Freddy Carea scores
Raúl Ruíz to third
Todd Sentell to second
Batting: RHB Vojtech Farkas 0-0: Ball
1-0: Ball
2-0: Foul Ball, location: 2F
2-1: Swinging Strike
2-2: Ground out 5-3 (Groundball, 5S)
Batting: LHB José Valéncia 0-0: Called Strike
0-1: Foul Ball, location: 2F
0-2: Strikes out swinging
Top of the 2nd over - 1 run, 2 hits, 0 errors, 2 left on base; Buckhead 2 - Chicago 3
BOTTOM OF THE 2ND
Chicago Hawks batting - Pitching for Buckhead Bowties : RHP Ron Manning
Batting: RHB Lorenzo Ramírez 0-0: Swinging Strike
0-1: Ball
1-1: Ball
2-1: Fly out, F7 (Line Drive, 7)
Batting: SHB Luis Manuel Flores 0-0: Ball
1-0: Ball
2-0: Foul Ball, location: 2F
2-1: Foul Ball, location: 2F
2-2: Foul Ball, location: 2F
2-2: Ground out 1-3 (Groundball, 13S)
Batting: LHB Cole Thrash 0-0: Ball
1-0: Swinging Strike
1-1: Ball
2-1: Ball
3-1: Base on Balls
Batting: LHB Raúl Aguirre 0-0: Ball
1-0: Foul Ball, location: 2F
1-1: Ball
2-1: Foul Ball, location: 2F
2-2: Ball
3-2: Ground out 4-3 (Groundball, 4M)
Bottom of the 2nd over - 0 runs, 0 hits, 0 errors, 1 left on base; Buckhead 2 - Chicago 3
TOP OF THE 3RD
Buckhead Bowties batting - Pitching for Chicago Hawks : RHP Kenshin Koike
Batting: RHB Won-min Yi 0-0: Ball
1-0: Ball
2-0: Called Strike
2-1: SINGLE (Flyball, 78S)
Batting: RHB Mike Burns 0-0: Ball
1-0: Fly out, F9 (Flyball, 9S)
Batting: RHB Richard Jost 0-0: Ball
1-0: SINGLE (Groundball, 4MD)
Won-min Yi to second
Runner from 2nd tries for 3rd, SAFE, no throw
Batting: RHB Freddy Carea 0-0: Called Strike
0-1: Fly out, F4 (Popup, 3DF)
Batting: RHB Raúl Ruíz 0-0: Foul Ball, location: 2F
0-1: Ball
1-1: Foul Ball, location: 2F
1-2: Ball
2-2: Foul Ball, location: 2F
2-2: Ball
3-2: Base on Balls
Richard Jost to second
Batting: RHB Todd Sentell 0-0: Called Strike
0-1: Ground out 6-3 (Groundball, 6M)
Top of the 3rd over - 0 runs, 2 hits, 0 errors, 3 left on base; Buckhead 2 - Chicago 3
BOTTOM OF THE 3RD
Chicago Hawks batting - Pitching for Buckhead Bowties : RHP Ron Manning
Batting: RHB Enrique Marroquín 0-0: Fly out, F6 (Line Drive, 6)
Batting: LHB Curt Wilson 0-0: Ball
1-0: Ground out 5-3 (Groundball, 5)
Batting: LHB Albert González 0-0: Ball
1-0: Foul Ball, location: 2F
1-1: Ball
2-1: Ball
3-1: Fly out, F4 (Line Drive, 4MD)
Bottom of the 3rd over - 0 runs, 0 hits, 0 errors, 0 left on base; Buckhead 2 - Chicago 3
TOP OF THE 4TH
Buckhead Bowties batting - Pitching for Chicago Hawks : RHP Kenshin Koike
Batting: RHB Ricardo Cardenas 0-0: Foul Ball, location: 2F
0-1: Fly out, F5 (Line Drive, 56)
Batting: RHB Vojtech Farkas 0-0: Ground out 4-3 (Groundball, 34D)
Batting: LHB José Valéncia 0-0: Fly out, F3 (Line Drive, 3S)
Top of the 4th over - 0 runs, 0 hits, 0 errors, 0 left on base; Buckhead 2 - Chicago 3
BOTTOM OF THE 4TH
Chicago Hawks batting - Pitching for Buckhead Bowties : RHP Ron Manning
Batting: RHB Armando García 0-0: Ball
1-0: Ground out 5-3 (Groundball, 56)
Batting: RHB Zander Bailey 0-0: Fly out, F8 (Flyball, 8LD)
Batting: RHB Lorenzo Ramírez 0-0: Fly out, F3 (Popup, 3SF)
Bottom of the 4th over - 0 runs, 0 hits, 0 errors, 0 left on base; Buckhead 2 - Chicago 3
TOP OF THE 5TH
Buckhead Bowties batting - Pitching for Chicago Hawks : RHP Kenshin Koike
Pitching: LHP Andrés Quezada
Batting: RHB Won-min Yi 0-0: Ball
1-0: Foul Ball, location: 2F
1-1: Swinging Strike
1-2: Foul Ball, location: 2F
1-2: Foul Ball, location: 2F
1-2: Ground out 1-3 (Groundball, 15S)
Batting: RHB Mike Burns 0-0: Called Strike
0-1: Called Strike
0-2: Ball
1-2: Ball
2-2: SINGLE (Groundball, 6D)
Batting: RHB Richard Jost 0-0: Called Strike
0-1: Ball
1-1: Called Strike
1-2: Strikes out looking
Batting: RHB Freddy Carea 0-0: Ball
1-0: Called Strike
1-1: DOUBLE (Flyball, 8RXD)
Mike Burns to third
Runner from 3rd tries for Home, SAFE, no throw
Batting: RHB Raúl Ruíz 0-0: Ball
1-0: Swinging Strike
1-1: Foul Ball, location: 2F
1-2: Strikes out looking
Top of the 5th over - 1 run, 2 hits, 0 errors, 1 left on base; Buckhead 3 - Chicago 3
BOTTOM OF THE 5TH
Chicago Hawks batting - Pitching for Buckhead Bowties : RHP Ron Manning
Pitching: RHP Joshua Long
Batting: SHB Luis Manuel Flores 0-0: Fly out, F3 (Popup, 3)
Batting: LHB Cole Thrash 0-0: Ball
1-0: Called Strike
1-1: SOLO HOME RUN (Line Drive, 9D), Distance : 383 ft
Batting: LHB Raúl Aguirre 0-0: Fly out, F3 (Popup, 3)
Batting: RHB Enrique Marroquín 0-0: Fly out, F9 (Flyball, 9LM)
Bottom of the 5th over - 1 run, 1 hit, 0 errors, 0 left on base; Buckhead 3 - Chicago 4
TOP OF THE 6TH
Buckhead Bowties batting - Pitching for Chicago Hawks : LHP Andrés Quezada
Batting: RHB Todd Sentell 0-0: Ball
1-0: Fly out, F8 (Flyball, 8RD)
Pitching: RHP César Galló
Batting: RHB Ricardo Cardenas 0-0: Ball
1-0: SINGLE (Line Drive, 8LS)
Pinch Hitting: RHB Derek Bangert 0-0: Ball
1-0: Ball
Ricardo Cardenas is caught stealing 2nd base
2-0: Called Strike
2-1: Ground out 5-3 (Groundball, 56S)
Top of the 6th over - 0 runs, 1 hit, 0 errors, 0 left on base; Buckhead 3 - Chicago 4
BOTTOM OF THE 6TH
Chicago Hawks batting - Pitching for Buckhead Bowties : RHP Joshua Long
Now at 2B: Mesa Altuve
Batting: LHB Curt Wilson 0-0: Called Strike
0-1: Ball
1-1: Ball
2-1: Ball
3-1: SINGLE (Groundball, 34D)
Batting: LHB Albert González 0-0: Ball
1-0: Ball
2-0: Ball
3-0: Called Strike
3-1: Sac Bunt - play at first, batter OUT! 3-4
Curt Wilson to second
Batting: RHB Armando García 0-0: SINGLE (Groundball, 56D)
Curt Wilson to third
Runner from 3rd tries for Home, SAFE, no throw
Batting: RHB Zander Bailey 0-0: Called Strike
0-1: Ball
1-1: Fly out, F7 (Flyball, 7LM)
Batting: RHB Lorenzo Ramírez 0-0: Fly out, F8 (Flyball, 78D)
Bottom of the 6th over - 1 run, 2 hits, 0 errors, 1 left on base; Buckhead 3 - Chicago 5
TOP OF THE 7TH
Buckhead Bowties batting - Pitching for Chicago Hawks : RHP César Galló
Batting: LHB José Valéncia 0-0: Ball
1-0: SINGLE (Flyball, 89S)
Batting: RHB Won-min Yi 0-0: Called Strike
0-1: Swinging Strike
0-2: Ball
1-2: Foul Ball, location: 2F
1-2: Foul Ball, location: 2F
1-2: Fly out, F4 (Popup, 4D)
Batting: LHB Gregg Young 0-0: Ball
1-0: Ball
2-0: Ball
3-0: Called Strike
3-1: Foul Ball, location: 2F
3-2: Foul Ball, location: 2F
3-2: Foul Ball, location: 2F
3-2: SINGLE (Groundball, 34D)
José Valéncia to second
Runner from 2nd tries for 3rd, SAFE, no throw
Pinch Hitting: LHB Yu-zeng Si 0-0: Foul Ball, location: 2F
0-1: Fly out, F9 (Flyball, 9S)
Runner from 3rd tags up, SCORES, throw made
Batting: RHB Freddy Carea 0-0: Ball
1-0: Called Strike
1-1: Ball
2-1: Fielders Choice at 2nd, 5-4 (Groundball, 56)
Top of the 7th over - 1 run, 2 hits, 0 errors, 1 left on base; Buckhead 4 - Chicago 5
BOTTOM OF THE 7TH
Chicago Hawks batting - Pitching for Buckhead Bowties : RHP Joshua Long
Now at 2B: Yu-zeng Si
Pinch Hitting: RHB Kumanosuke Asano 0-0: Swinging Strike
0-1: Swinging Strike
0-2: Ball
1-2: Foul Ball, location: 2F
1-2: Strikes out swinging
Pinch Hitting: LHB Jeff Simpson 0-0: Called Strike
0-1: Foul Ball, location: 2F
0-2: Ball
1-2: Foul Ball, location: 2F
1-2: Ball
2-2: Ground out 1-3 (Groundball, 13)
Pinch Hitting: LHB Scott Janousek 0-0: Ball
1-0: Swinging Strike
1-1: Ball
2-1: Called Strike
2-2: Fly out, F7 (Flyball, 78M)
Bottom of the 7th over - 0 runs, 0 hits, 0 errors, 0 left on base; Buckhead 4 - Chicago 5
TOP OF THE 8TH
Buckhead Bowties batting - Pitching for Chicago Hawks : RHP César Galló
Now at 3B: Lorenzo Sabastro
Now in LF: Jeff Simpson
Now in RF: Scott Janousek
Batting: RHB Raúl Ruíz 0-0: Ball
1-0: Ball
2-0: Foul Ball, location: 2F
2-1: Ball
3-1: Called Strike
3-2: Ground out 1-3 (Groundball, 15S)
Batting: RHB Todd Sentell 0-0: Called Strike
0-1: Swinging Strike
0-2: Ball
1-2: Ball
2-2: Foul Ball, location: 2F
2-2: Strikes out swinging
Batting: RHB Ricardo Cardenas 0-0: Ball
1-0: Ball
2-0: Called Strike
2-1: Ball
3-1: Base on Balls
Batting: RHB Mesa Altuve 0-0: Ball
1-0: Ball
2-0: Swinging Strike
2-1: Foul Ball, location: 2F
2-2: Foul Ball, location: 2F
2-2: Strikes out looking
Top of the 8th over - 0 runs, 0 hits, 0 errors, 1 left on base; Buckhead 4 - Chicago 5
BOTTOM OF THE 8TH
Chicago Hawks batting - Pitching for Buckhead Bowties : RHP Joshua Long
Pitching: RHP Pompeyo Davalillo
Batting: SHB Javier Gonzáles 0-0: Ball
1-0: Ground out 1-3 (Groundball, 13)
Pinch Hitting: RHB Luis Rodríguez 0-0: Ball
1-0: Called Strike
1-1: Foul Ball, location: 2F
1-2: Foul Ball, location: 2F
1-2: Ball
2-2: DOUBLE (Line Drive, 7)
Pinch Hitting: RHB Paddy Hodnett 0-0: Ball
1-0: SINGLE (Groundball, 34D)
Luis Rodríguez to third
Runner from 3rd tries for Home, SAFE, throw made home
Paddy Hodnett to second
Pinch Hitting: RHB Jorge Salgado 0-0: Ball
1-0: Ball
2-0: Ball
Wild Pitch!
Paddy Hodnett to third
3-0: Called Strike
3-1: Swinging Strike
3-2: Strikes out swinging
Pinch Hitting: RHB Curt Kenney 0-0: Called Strike
0-1: Ball
1-1: SINGLE (Groundball, 4MD)
Paddy Hodnett scores
Batting: RHB Lorenzo Ramírez 0-0: Ground out 1-3 (Groundball, 15)
Bottom of the 8th over - 2 runs, 3 hits, 0 errors, 1 left on base; Buckhead 4 - Chicago 7
TOP OF THE 9TH
Buckhead Bowties batting - Pitching for Chicago Hawks : RHP César Galló
Now at 1B: Jorge Salgado
Now at 3B: Paddy Hodnett
Now in LF: Luis Rodríguez
Batting: LHB José Valéncia 0-0: Called Strike
Now at 3B: Curt Kenney 0-1: SINGLE (Groundball, 34D)
Batting: RHB Won-min Yi 0-0: Ball
1-0: Swinging Strike
1-1: SINGLE (Line Drive, 56)
José Valéncia to second
Pitching: LHP Dalton García
Batting: LHB Gregg Young 0-0: Called Strike
0-1: Ball
1-1: Swinging Strike
1-2: Strikes out swinging
Batting: LHB Yu-zeng Si 0-0: Swinging Strike
0-1: Foul Ball, location: 2F
0-2: Ball
1-2: Fly out, F9 (Flyball, 9LMF)
Batting: RHB Freddy Carea 0-0: Called Strike
0-1: Ball
1-1: Swinging Strike
1-2: Ball
2-2: Strikes out swinging
Top of the 9th over - 0 runs, 2 hits, 0 errors, 2 left on base; Buckhead 4 - Chicago 7
Tuesday, December 19th, 2017 - OOTP Baseball 18.8 Build 76